 Dungeon Crawl Stone Soup version 0.20.0-15-g7f486f2 (webtiles) character file.

2118 mike2R the Destroyer (level 9, -2/53 HPs)
             Began as a Deep Elf Conjurer on June 17, 2017.
             Was a Believer of Vehumet.
             Slain by a hippogriff (5 damage)
             ... on level 7 of the Dungeon.
             The game lasted 00:48:39 (10233 turns).

mike2R the Destroyer (Deep Elf Conjurer)           Turns: 10233, Time: 00:48:40

Health: -2/53      AC:  4    Str:  5    XL:     9   Next: 8%
Magic:  1/21       EV: 12    Int: 24    God:    Vehumet [**....]
Gold:   353        SH:  0    Dex: 15    Spells: 1/22 levels left

rFire    . . .     SeeInvis +   a - +4 spear of the Hero {freeze, SInv Stlth+}
rCold    . . .     Gourm    .   (no shield)
rNeg     . . .     Faith    .   s - +0 leather armour
rPois    .         Spirit   .   p - +0 helmet
rElec    .         Reflect  .   (no cloak)
rCorr    .         Harm     .   (no gloves)
MR       .....                  (no boots)
Stlth    +++.......             (no amulet)
Regen    0.2/turn               (no ring)
MPRegen  0.2/turn               (no ring)

@: no status effects
A: no striking features
a: Renounce Religion


You were on level 7 of the Dungeon.
You worshipped Vehumet.
Vehumet was pleased with you.
You were not hungry.

You visited 2 branches of the dungeon, and saw 9 of its levels.
You also visited: Sewer.

You collected 353 gold pieces.

Inventory:

Hand Weapons
 a - the +4 spear of the Hero (weapon) {freeze, SInv Stlth+}
   (You found it on level 6 of the Dungeon)

   It has been specially enchanted to freeze those struck by it, causing extra
   injury to most foes and up to half again as much damage against particularly
   susceptible opponents.
   It can also slow down cold-blooded creatures.
   It lets you see invisible.
   It makes you more stealthy.
 o - a +2 dagger of venom
Missiles
 f - 297 stones (quivered)
Armour
 p - a +0 helmet (worn)
 s - a +0 leather armour (worn)
Magical Staves
 b - an uncursed staff of wizardry
Jewellery
 u - a cursed ring of teleportation {unknown}
Scrolls
 e - a scroll of amnesia
 g - 5 scrolls of teleportation
 l - 4 scrolls of remove curse
 n - a scroll of fog
 q - 2 scrolls of immolation
 t - a scroll of recharging {unknown}
 v - a scroll of blinking {unknown}
Potions
 d - 2 potions of curing {unknown}
 h - a potion of invisibility
 i - 2 potions of lignification
 r - 5 potions of flight
 x - a potion of might {unknown}
Books
 k - a book of Conjurations

   Spells                             Type                      Level
   a - Magic Dart                     Conjuration                  1
   b - Searing Ray                    Conjuration                  2
   c - Dazzling Spray                 Conjuration/Hexes            3
   d - Fulminant Prism                Conjuration/Hexes            4
   e - Force Lance                    Conjuration/Translocation    4
   f - Iskenderun's Mystic Blast      Conjuration                  4
 m - a book of Frost

   Spells                             Type                      Level
   a - Freeze                         Ice                          1
   b - Throw Frost                    Conjuration/Ice              2
   c - Ozocubu's Armour               Charms/Ice                   3
   d - Throw Icicle                   Conjuration/Ice              4
   e - Summon Ice Beast               Ice/Summoning                4
Comestibles
 c - 8 bread rations
 j - 3 meat rations


   Skills:
 - Level 4.8 Fighting
 + Level 2.5 Dodging
 - Level 2.6 Stealth
 - Level 7.2 Spellcasting
 - Level 10.2 Conjurations
 - Level 3.1 Ice Magic


You had one spell level left.
You knew the following spells:

 Your Spells              Type           Power        Failure   Level  Hunger
a - Magic Dart            Conj           ####         1%          1    None
b - Searing Ray           Conj           ######       1%          2    None
c - Dazzling Spray        Conj/Hex       ####..       4%          3    None
d - Iskenderun's Mystic   Conj           ######..     1%          4    ###....
e - Force Lance           Conj/Tloc      ####....     14%         4    ###....
f - Fulminant Prism       Conj/Hex       ####......   14%         4    ###....
g - Ozocubu's Armour      Chrm/Ice       ###.....     19%         3    None


Dungeon Overview and Level Annotations

Branches:
Dungeon (8/15)             Temple (1/1) D:4
   Lair: D:8-11

Altars:
Ashenzari
Cheibriados
Dithmenos
Elyvilon
Fedhas
Gozag
Hepliaklqana
Kikubaaqudgha
Makhleb
Nemelex Xobeh
Okawaru
Qazlal
Ru
Trog
Uskayaw
Vehumet
Xom
Yredelemnul
Zin
The Shining One

Shops:
D:4 (   D:6 %

Annotations:
D:6 Ic0n's ghost, novice HOMo
D:8 Psyche


Message History

The hippogriff is severely wounded.
The hippogriff barely misses you. The hippogriff closely misses you. x2
The +4 spear of the Hero {freeze, SInv Stlth+} glows with a cold blue light!
a - the +4 spear of the Hero (weapon)
{freeze, SInv Stlth+} You hit the hippogriff.
You freeze the hippogriff.
The hippogriff is almost dead.
The hippogriff bites you!
* * * LOW HITPOINT WARNING * * *
The hippogriff pecks you but does no damage.
The hippogriff claws you!
* * * LOW HITPOINT WARNING * * *
Okay, then.
Evoke which item? (* to show all) (? for menu, Esc to quit)
Okay, then.
You barely miss the hippogriff.
The hippogriff is almost dead.
The hippogriff bites you.
* * * LOW HITPOINT WARNING * * *
The hippogriff pecks you.
You die...

......#####....###########.......
......'.>.............#.รท........
......#####....######.#.#########
......# #...........#.##.....#
.###### ##..........#.##.###.# .#
#..........#.#....#.# .#
#..[.......#.####.#.# .#
#..........#.#....#.# .#
#...H@.....#.#.##.#.## ##
#########....#####.#.#.#......
####......##....#####.#.#.#..#.#.
........................#......#.
####......##########.###########.
#......# #.>........... #......#
#.#.#########. #....<.#
#.#.#......... ####......#
#.#.#.........


You could see a hippogriff.

Vanquished Creatures
  Prince Ribbit (D:7)
  Grinder (D:4)
  Sigmund (D:5)
  An orc warrior (D:7)
  An ice beast (D:4)
  An ogre (D:4)
  2 centaurs
  A big kobold (D:7)
  A howler monkey (D:7)
  2 crimson imps (D:7)
  An orc priest (D:6)
  A bullfrog skeleton (D:7)
  3 hounds
  A jelly (D:7)
  4 orc wizards
  2 iguanas (D:4)
  7 worker ants
  A merfolk avatar (Sewer)
  A merfolk siren (Sewer)
  A killer bee zombie (D:5)
  A hound skeleton (D:7)
  3 worker ant zombies (D:5)
  14 adders
  3 river rats
  An adder zombie (D:7)
  An adder skeleton (D:4)
  4 worms
  2 dart slugs (D:1)
  7 leopard geckos
  20 orcs
  5 ball pythons
  12 giant cockroaches
  5 goblins
  11 hobgoblins
  10 jackals
  15 kobolds
  3 quokkas
  A ball python skeleton (D:4)
  10 bats
  10 frilled lizards
  29 rats
201 creatures vanquished.

Vanquished Creatures (others)
  4 fulminant prisms
4 creatures vanquished.

Grand Total: 205 creatures vanquished

Notes
Turn   | Place    | Note
-------+----------+-------------------------------------------
     0 | D:1      | mike2R the Deep Elf Conjurer began the quest for the Orb.
     0 | D:1      | Reached XP level 1. HP: 10/10 MP: 6/6
     8 | D:1      | Noticed a rime drake
     8 | D:1      | Noticed a lindwurm
     8 | D:1      | Noticed a wolf
     8 | D:1      | Noticed a polar bear
   392 | D:1      | Reached XP level 2. HP: 15/15 MP: 5/8
   396 | D:1      | Learned a level 2 spell: Searing Ray
   670 | D:1      | Reached skill level 5 in Conjurations
  1035 | D:1      | Reached XP level 3. HP: 19/19 MP: 6/9
  1040 | D:1      | Learned a level 3 spell: Dazzling Spray
  1667 | D:2      | Found a glowing silver altar of Zin.
  1743 | D:2      | Found an ancient bone altar of Kikubaaqudgha.
  2089 | D:2      | Reached XP level 4. HP: 24/24 MP: 4/11
  2748 | D:3      | Reached skill level 6 in Conjurations
  2783 | D:3      | Learned a level 4 spell: Iskenderun's Mystic Blast
  3423 | D:3      | Reached XP level 5. HP: 28/28 MP: 7/13
  4212 | D:4      | Found Xyrphugaa's Antique Weapon Shoppe.
  4240 | D:4      | Found a staircase to the Ecumenical Temple.
  4250 | Temple   | Entered the Ecumenical Temple
  4270 | Temple   | Became a worshipper of Vehumet
  4508 | D:4      | Reached skill level 5 in Spellcasting
  4690 | D:4      | Noticed an ice beast
  4705 | D:4      | Killed an ice beast
  4705 | D:4      | Reached skill level 7 in Conjurations
  4705 | D:4      | Reached XP level 6. HP: 22/32 MP: 1/16
  4711 | D:4      | Learned a level 4 spell: Force Lance
  5514 | D:4      | Noticed Grinder
  5522 | D:4      | Killed Grinder
  5522 | D:4      | Reached XP level 7. HP: 23/36 MP: 7/19
  5636 | D:4      | Learned a level 4 spell: Fulminant Prism
  5650 | D:4      | Reached skill level 8 in Conjurations
  6584 | D:5      | Entered Level 5 of the Dungeon
  6718 | D:5      | Reached skill level 9 in Conjurations
  6960 | D:5      | Noticed Sigmund
  7039 | D:5      | Killed Sigmund
  7039 | D:5      | Reached XP level 8. HP: 41/41 MP: 10/20
  7090 | D:5      | Reached skill level 10 in Conjurations
  7608 | D:6      | Noticed Ic0n's ghost (novice HOMo)
  7634 | D:6      | Learned a level 3 spell: Ozocubu's Armour
  7938 | D:6      | Reached * piety under Vehumet
  7938 | D:6      | Offered knowledge of Flame Tongue by Vehumet.
  7939 | D:6      | Reached skill level 1 in Ice Magic
  7998 | D:6      | Found a glowing drain.
  8009 | Sewer    | Entered a sewer
  8398 | Sewer    | Offered knowledge of Sandblast by Vehumet.
  8478 | Sewer    | Reached ** piety under Vehumet
  8801 | D:6      | Found Ichuv's Food Emporium.
  8818 | D:6      | Found a burning altar of Makhleb.
  8874 | D:6      | Got a shimmering spear
  8875 | D:6      | Identified the +4 spear of the Hero {freeze, SInv Stlth+} (You found it on level 6 of the Dungeon)
  9074 | D:7      | Noticed Prince Ribbit
  9088 | D:7      | Killed Prince Ribbit
  9778 | D:7      | Reached XP level 9. HP: 49/52 MP: 17/21
 10222 | D:8      | Noticed Psyche
 10222 | D:8      | Offered knowledge of Conjure Flame by Vehumet.
 10233 | D:7      | Slain by a hippogriff

Skill      XL: |  1  2  3  4  5  6  7  8 |
---------------+-------------------------+-----
Conjurations   | 5 6 7 9 10 | 10.2
Spellcasting   | 4 5 6 7 |  7.2
Ice Magic      | 3 |  3.1
Fighting       | 4 |  4.8
Dodging        | |  2.5
Stealth        | |  2.6

Action                   |  1- 3 |  4- 6 |  7- 9 || total
-------------------------+-------+-------+-------++-------
Melee: Short sword       |     2 |       |       ||     2
       Dagger            |       |    10 |     3 ||    13
       Staff             |       |       |     1 ||     1
       Spear             |       |       |     2 ||     2
 Cast: Magic Dart        |    55 |   108 |   168 ||   331
       Searing Ray       |     5 |     9 |    16 ||    30
       Dazzling Spray    |       |     4 |     9 ||    13
       Iskenderun's Myst |       |       |    26 ||    26
       Fulminant Prism   |       |       |     4 ||     4
  Use: Scroll            |     5 |     4 |     4 ||    13
       Potion            |       |       |     1 ||     1
 Stab: Sleeping          |       |     2 |     1 ||     3
  Eat: Chunk             |     3 |    11 |     7 ||    21
       Meat ration       |       |       |     2 ||     2
Armor: Robe              |     1 |       |       ||     1
       Leather armour    |       |       |     5 ||     5
Dodge: Dodged            |    11 |    13 |    28 ||    52
